 Dungeon Crawl Stone Soup version 0.27-a0-328-g7f782ed93a (webtiles) character file.

Game seed: 3441128856039042863

1467 DavidChitty2 the Cleaver (level 8, -6/70 HPs)
             Began as a Hill Orc Abyssal Knight on Feb 11, 2021.
             Was an Elder of Lugonu.
             Mangled by an ogre
             ... wielding a +0 giant spiked club
              (27 damage)
             ... on level 6 of the Dungeon.
             The game lasted 00:12:41 (8723 turns).

DavidChitty2 the Cleaver (Hill Orc Abyssal Knight)  Turns: 8723, Time: 00:12:42

Health: -6/70      AC: 15    Str: 13    XL:     8   Next: 77%
Magic:  12/12      EV:  7    Int: 12    God:    Lugonu [****..]
Gold:   332        SH:  9    Dex: 12    Spells: 7/7 levels left

rFire    . . .     SeeInvis .   a - +0 war axe
rCold    . . .     Faith    .   f - +0 kite shield
rNeg     . . .     Spirit   .   r - +0 scale mail
rPois    +         Reflect  .   p - +0 helmet
rElec    .         Harm     .   q - +2 cloak
rCorr    .         Rampage  .   (no gloves)
Will     .....                  (no boots)
Stlth    ..........             (no amulet)
HPRegen  0.21/turn              t - ring "Vexaceep" {rPois AC+4 Str-4 Dex+2}
MPRegen  0.13/turn              (no ring)

@: no status effects
A: no striking features
a: Renounce Religion, Depart the Abyss, Bend Space, Banish, Corrupt


You were on level 6 of the Dungeon.
You worshipped Lugonu.
Lugonu was greatly pleased with you.
You visited 1 branch of the dungeon, and saw 6 of its levels.
You visited the Abyss 1 time.

You collected 332 gold pieces.

Inventory:

Hand Weapons
 a - a +0 war axe (weapon)
   (You found it on level 4 of the Dungeon)
 d - a +0 hand crossbow
   (You found it on level 2 of the Abyss)
Missiles
 g - 195 stones
 h - 18 poisoned darts (quivered)
 s - 50 bolts
Armour
 f - a +0 kite shield (worn)
   (You found it on level 1 of the Dungeon)
 m - a +0 chain mail
   (You found it on level 4 of the Dungeon)
 p - a +0 helmet (worn)
   (You took it off Robin on level 2 of the Dungeon)
 q - a +2 cloak (worn)
   (You took it off Crazy Yiuf on level 2 of the Dungeon)
 r - a +0 scale mail (worn)
   (You found it on level 4 of the Dungeon)
Jewellery
 t - the ring "Vexaceep" (left hand) {rPois AC+4 Str-4 Dex+2}
   (You found it on level 4 of the Dungeon)

   [ring of protection]

   It affects your AC (+4).
   It affects your strength (-4).
   It affects your dexterity (+2).
   It protects you from poison.
 v - a ring of flight {unknown}
   (You found it on level 5 of the Dungeon)
Wands
 b - a wand of polymorph (11)
   (You found it on level 3 of the Dungeon)
 x - a wand of charming (4)
   (You found it on level 5 of the Dungeon)
Scrolls
 c - 2 scrolls of identify {@r1}
Potions
 e - 3 potions of attraction {!q}
 i - 3 potions of curing {@q1}
 j - a potion of magic
 k - 3 potions of haste {@q3}
 l - 2 potions of ambrosia
 n - 3 potions of cancellation
 o - 2 potions of heal wounds {@q2}
 u - a potion of brilliance
 z - a potion of lignification {unknown}


   Skills:
 + Level 6.2 Fighting
 * Level 8.5 Axes
 + Level 5.1 Armour
 - Level 0.7 Dodging
 + Level 4.4 Shields
 + Level 6.0 Invocations


You had 7 spell levels left.
You didn't know any spells.
Your spell library was empty.

Dungeon Overview and Level Annotations

Branches:
Dungeon (6/15)             Temple (0/1) D:5

Altars:
Elyvilon
Trog
Uskayaw


Message History

You barely miss the orc priest.
The orc priest shouts, "Join the one true god or die!"
You hit the orc wizard but do no damage.
You block the orc wizard's attack.
The orc priest looks satisfied for a moment.
The orc priest hits you but does no damage.
The orc wizard hits you but does no damage.
You closely miss the orc priest. You hit the orc wizard.
You block the orc wizard's attack.
The orc priest hits you but does no damage.
You slash the orc priest!
You kill the orc priest!
Lugonu accepts your kill.
You hit the ogre but do no damage.
You hit the orc wizard but do no damage.
The ogre hits you with a +0 giant spiked club.
The orc wizard hits you but does no damage.
You hit the orc wizard. You slash the ogre!
The orc wizard hits you but does no damage.
The ogre barely misses you. The orc wizard barely misses you.
Your shield prevents you from hitting the orc wizard.
You hit the ogre but do no damage.
The ogre hits you with a +0 giant spiked club!!
* * * LOW HITPOINT WARNING * * *
The orc wizard casts a spell at you. You resist with some effort.
You closely miss the orc wizard. You hit the ogre. You block the ogre's attack.
The orc wizard hits you but does no damage.
You hit the orc wizard.
You kill the orc wizard!
Lugonu accepts your kill.
You hit the ogre but do no damage. The ogre closely misses you.
Your Invocations skill increases to level 6!
There is an open door here.
There is an open door here.
There is an open door here.
There is an open door here.
You see here a +0 giant club.
There is an open door here.
You see here a +0 club.
There is a stone staircase leading up, spattered with blood here.
Okay, then.
Aim: an ogre, wielding a +0 giant spiked club (chance to affect: 46%)
The ogre resists with some effort.
The ogre hits you with a +0 giant spiked club!
* * * LOW HITPOINT WARNING * * *
Aim: an ogre, wielding a +0 giant spiked club (chance to affect: 46%)
The ogre resists with some effort.
The ogre hits you with a +0 giant spiked club!!
You die...

##...###+#####....#
##...##...........#
##....#...........#
......#...........#
......#...........#
###'###...........#
#.......###########
#.......#...#..)).#
........#...'..O@.#
........#..########
.########..##
.#..........#
##..........#
............#
............#
#########.###
###...#####


You could see an ogre.

Vanquished Creatures
  2 ogres
  A centaur (D:5)
  A phantom (D:3)
  Blork the orc (D:6)
  A scorpion (D:5)
  A howler monkey (D:5)
  6 hounds
  Crazy Yiuf (D:2)
  A gnoll shaman (D:4)
  An orc priest (D:6)
  2 bullfrog skeletons
  2 centaur skeletons
  An iguana (D:5)
  4 worker ants
  3 orc wizards
  A howler monkey zombie (D:5)
  Robin (D:2)
  A worker ant zombie (D:5)
  8 gnolls
  13 adders
  A shadow imp (D:5)
  2 white imps (D:5)
  An ufetubus (D:5)
  2 oozes
  An adder skeleton (D:4)
  4 worms
  2 dart slugs
  5 leopard geckos
  8 orcs
  3 ball pythons
  12 bats
  6 giant cockroaches
  14 goblins
  12 hobgoblins
  3 jackals (D:5)
  9 kobolds
  4 quokkas
  13 frilled lizards
  A leopard gecko skeleton (D:5)
  A quokka zombie (D:5)
  6 rats
162 creatures vanquished.

Vanquished Creatures (others)
  13 plants (D:2)
13 creatures vanquished.

Grand Total: 175 creatures vanquished

Notes
Turn   | Place    | Note
-------+----------+-------------------------------------------
     0 | Abyss:1  | DavidChitty2 the Hill Orc Abyssal Knight began the quest
                  | for the Orb.
     0 | Abyss:1  | Reached XP level 1. HP: 19/19 MP: 2/2
    61 | Abyss:2  | Noticed an ancient zyme
    79 | Abyss:2  | Noticed a smoke demon
    83 | Abyss:2  | Noticed a wretched star
    84 | D:1      | Escaped the Abyss
   340 | D:1      | Reached skill level 3 in Axes
   392 | D:1      | Reached XP level 2. HP: 27/27 MP: 3/3
   646 | D:1      | Reached * piety under Lugonu
   899 | D:1      | You fall into a shaft and drop 1 floor!
   925 | D:2      | Reached XP level 3. HP: 33/33 MP: 5/5
   953 | D:2      | Noticed Robin
   973 | D:2      | Reached skill level 1 in Shields
  2127 | D:2      | Reached skill level 4 in Axes
  2127 | D:2      | Reached XP level 4. HP: 26/40 MP: 6/6
  2531 | D:2      | Killed Robin
  2674 | D:2      | Reached ** piety under Lugonu
  3241 | D:2      | Found a runed translucent door.
  3242 | D:2      | Noticed Crazy Yiuf
  3534 | D:2      | Killed Crazy Yiuf
  3535 | D:2      | Reached XP level 5. HP: 15/47 MP: 7/7
  4480 | D:3      | Reached skill level 5 in Axes
  4547 | D:3      | Found a white marble altar of Elyvilon.
  4814 | D:3      | Noticed a phantom
  4826 | D:3      | Killed a phantom
  4827 | D:3      | Reached XP level 6. HP: 51/53 MP: 8/8
  5670 | D:4      | Found a bloodstained altar of Trog.
  5836 | D:4      | Reached skill level 6 in Axes
  5836 | D:4      | Reached XP level 7. HP: 59/60 MP: 10/10
  5846 | D:4      | Reached skill level 5 in Fighting
  6391 | D:4      | Reached *** piety under Lugonu
  6643 | D:4      | Reached skill level 7 in Axes
  6648 | D:4      | Got a shimmering marble ring
  6737 | D:4      | Identified the ring "Vexaceep" {rPois AC+4 Str-4 Dex+2}
                  | (You found it on level 4 of the Dungeon)
  6770 | D:5      | Entered Level 5 of the Dungeon
  6870 | D:5      | Reached skill level 5 in Invocations
  6928 | D:5      | Reached XP level 8. HP: 56/69 MP: 11/11
  7163 | D:5      | Noticed a +0 dagger
  7268 | D:5      | Noticed a +0 hand axe
  7269 | D:5      | Found a hide-covered altar of Uskayaw.
  7319 | D:5      | Found a staircase to the Ecumenical Temple.
  7542 | D:5      | Reached skill level 8 in Axes
  8057 | D:6      | Reached **** piety under Lugonu
  8244 | D:6      | Reached skill level 5 in Armour
  8554 | D:6      | Noticed Blork the orc
  8570 | D:6      | Killed Blork the orc
  8723 | D:6      | Mangled by an ogre

Illustrated notes

Levels and vault maps discovered:
D:1:      lightli_iron_boxes, layout_basic
D:2:      layout_loops_ring, chequers_serial_rivers_micro_e,
          wad_floor_pattern_1, grunt_decor_junction, chequers_big_river,
          chequers_serial_rivers_large_a, minivault_4, minmay_tromino_mix6,
          uniq_crazy_yiuf_cottage, uniq_robin
D:3:      layout_basic, elyvilon_altar_5, minmay_joined_circles
D:4:      minmay_octagon_keep, layout_loops_ring, kennysheep_mini
D:5:      minmay_chambers_of_fours, layout_rooms, dancing_weapons_uskayaw,
          minmay_temple_entry_grid
D:6:      layout_gridville, uniq_edmund, uniq_blork_the_orc, uniq_sigmund

Skill      XL: |  1  2  3  4  5  6  7  8 |
---------------+-------------------------+-----
Axes           | 3 4 5 6 7 8 |  8.5
Shields        | 1 2 3 4 |  4.4
Fighting       | 4 5 6 |  6.2
Invocations    | 3 4 5 6 |  6.0
Armour         | 3 4 5 |  5.1
Dodging        | |  0.7

Action                   |  1- 3 |  4- 6 |  7- 9 || total
-------------------------+-------+-------+-------++-------
Melee: Hand axe          |   117 |   234 |       ||   351
       War axe           |       |    40 |   266 ||   306
Invok: Depart the Abyss  |     1 |       |       ||     1
Evoke: Wand              |       |       |     2 ||     2
  Use: Scroll            |       |    11 |     4 ||    15
       Potion            |       |       |     1 ||     1
Armor: Leather armour    |    35 |       |       ||    35
       Ring mail         |     9 |    81 |       ||    90
       Scale mail        |       |    32 |   155 ||   187
Dodge: Dodged            |    39 |    90 |    84 ||   213
Block: Kite shield       |    53 |   138 |   144 ||   335

Table legend: (Time is in decaauts)
 A = Elapsed time spent in this place.
 B = Non-inter-level travel time spent in this place.
 C = Inter-level travel time spent in this place.
 D = Time resting spent in this place.
 E = Time spent auto-exploring this place.
 F = Levels seen in this place.
 G = Mean time per level.
                   A        B        C        D        E       F      G
               +--------+--------+--------+--------+--------+-----+--------+
         Total |   8992 |   8604 |    388 |   2545 |   4311 |   8 | 1124.0 |
       Dungeon |   8908 |   8520 |    388 |   2545 |   4261 |   6 | 1484.7 |
         Abyss |     83 |     83 |      0 |      0 |     50 |   2 |   41.5 |
               +--------+--------+--------+--------+--------+-----+--------+

Top non-repeatable levels by time:
     D:2: 2286 daAuts
     D:1: 1754 daAuts
     D:4: 1746 daAuts
     D:5: 1238 daAuts
     D:3: 1157 daAuts
     D:6: 724 daAuts
 Abyss:2: 63 daAuts
 Abyss:1: 20 daAuts
